AoeStats
← tico do bar

Glade

510290233Analyzed
1v1 RM · 3d ago on Sep 30, 2026· 26m 59s· 2 players
Game mode
Random Map
Map size
Tiny (2 player)
Population
200
Speed
Normal
Resources
Standard
Victory
Conquest
Starting age
Dark Age
Ending age
Imperial Age
RankedLock teamsTeams togetherTeam positionsShared explorationLock speedFull tech treeHidden civsTurbo modeCheats
Victory
Defeat
🇳🇱 Sicilians · Netherlands
922
+16
🇧🇷 Vikings · Brazil
918
-16
tico do bar
3:48 Loom
9:20 Feudal Age
13:11 Town Watch
20:20 Castle Age
18:18 Horse Collar
18:27 Double-Bit Axe
19:57 Man-at-Arms
20:55 Forging
20:49 Scale Mail Armor
20:45 Gold Mining
20:49 Long Swordsman
^1xX ^7DeaThPr00f ^4Xx
4:56 Loom
10:02 Feudal Age
11:13 Double-Bit Axe
12:55 Wheelbarrow
16:54 Fletching
19:35 Castle Age
18:24 Horse Collar
21:44 Bodkin Arrow
23:50 Forging
24:41 Scale Mail Armor
25:10 Arson
26:14 Iron Casting
Connection lost

Rejoining the realm…

Still unreachable

The connection could not be restored.

Session expired

The server has moved on; the page needs a fresh start.